Workbook
Name _1: '【個人】2回目＞計算用シート'!$M$33
Name _1: '【個人】3回目＞計算用シート'!$M$33
Name _1: '【個人】4回目＞計算用シート'!$M$33
Name _1: '【個人】5回目＞計算用シート'!$M$33
Name _1: '【個人】6回目＞計算用シート'!$M$33
Name _1: '【個人】1回目＞計算用シート'!$M$33
Name _2: '【個人】2回目＞計算用シート'!$M$34
Name _2: '【個人】3回目＞計算用シート'!$M$34
Name _2: '【個人】4回目＞計算用シート'!$M$34
Name _2: '【個人】5回目＞計算用シート'!$M$34
Name _2: '【個人】6回目＞計算用シート'!$M$34
Name _2: '【個人】1回目＞計算用シート'!$M$34
Name _3: '【個人】2回目＞計算用シート'!$M$35
Name _3: '【個人】3回目＞計算用シート'!$M$35
Name _3: '【個人】4回目＞計算用シート'!$M$35
Name _3: '【個人】5回目＞計算用シート'!$M$35
Name _3: '【個人】6回目＞計算用シート'!$M$35
Name _3: '【個人】1回目＞計算用シート'!$M$35
Name _4: '【個人】2回目＞計算用シート'!$M$36
Name _4: '【個人】3回目＞計算用シート'!$M$36
Name _4: '【個人】4回目＞計算用シート'!$M$36
Name _4: '【個人】5回目＞計算用シート'!$M$36
Name _4: '【個人】6回目＞計算用シート'!$M$36
Name _4: '【個人】1回目＞計算用シート'!$M$36
Name _5: '【個人】2回目＞計算用シート'!$M$37
Name _5: '【個人】3回目＞計算用シート'!$M$37
Name _5: '【個人】4回目＞計算用シート'!$M$37
Name _5: '【個人】5回目＞計算用シート'!$M$37
Name _5: '【個人】6回目＞計算用シート'!$M$37
Name _5: '【個人】1回目＞計算用シート'!$M$37
Name _6: '【個人】2回目＞計算用シート'!$M$38
Name _6: '【個人】3回目＞計算用シート'!$M$38
Name _6: '【個人】4回目＞計算用シート'!$M$38
Name _6: '【個人】5回目＞計算用シート'!$M$38
Name _6: '【個人】6回目＞計算用シート'!$M$38
Name _6: '【個人】1回目＞計算用シート'!$M$38
Name _7次: '【個人】2回目＞計算用シート'!$M$23:$M$24
Name _7次: '【個人】3回目＞計算用シート'!$M$23:$M$24
Name _7次: '【個人】4回目＞計算用シート'!$M$23:$M$24
Name _7次: '【個人】5回目＞計算用シート'!$M$23:$M$24
Name _7次: '【個人】6回目＞計算用シート'!$M$23:$M$24
Name _7次: '【個人】1回目＞計算用シート'!$M$23:$M$24
Name _8_9次: '【個人】2回目＞計算用シート'!$M$25:$M$26
Name _8_9次: '【個人】3回目＞計算用シート'!$M$25:$M$26
Name _8_9次: '【個人】4回目＞計算用シート'!$M$25:$M$26
Name _8_9次: '【個人】5回目＞計算用シート'!$M$25:$M$26
Name _8_9次: '【個人】6回目＞計算用シート'!$M$25:$M$26
Name _8_9次: '【個人】1回目＞計算用シート'!$M$25:$M$26

Sheet 事業化状況報告時期計算シート
B2: 事業化状況報告時期の確認シート
B4: ※本ファイル「事業化状況報告時期の確認シート」は、事業化状況報告の提出タイミングを
B5: 確認するための計算シートです。
B7: ◆計算ツール
B8: 補助金の振込完了年月(交付年月)と該当する決算月を以下の薄黄色セルで選択してください。
B10: ・振込完了年月が | E10: 年 | G10: 月 | H10: である。
B12: ・決算月が | F12: 12 | G12: 月 | H12: である。
B15: ◆計算結果
B16: 事業化状況報告時期は以下の通りです。
B17: 上部の薄黄色セルで選択された年月をもとに、以下の薄青色セルに自動で反映されます。
B19: ・1回目の報告時期： | D19: =IF(OR(D10="",F10="",F12=""),"",IF(OR(F12<F10,AND(F12>F10,F12=12),AND(F10=F12, F12=12)),D10+1,D10)) | E19: 年 | F19: =IF(F12="", "", IF(F12=12, 1, F12+1)) -> 1 | G19: 月 | H19: =IF(AND(D19<>"", F19<>""), 1, "") | I19: 日 | J19: から90日以内
B21: ・2回目の報告時期： | D21: =IF(D19="","",D19+1) | E21: 年 | F21: =F19 -> 1 | G21: 月 | H21: =H19 | I21: 日 | J21: から90日以内
B23: ・3回目の報告時期： | D23: =IF(D19="","",D19+2) | E23: 年 | F23: =F19 -> 1 | G23: 月 | H23: =H19 | I23: 日 | J23: から90日以内
B25: ・4回目の報告時期： | D25: =IF(D19="","",D19+3) | E25: 年 | F25: =F19 -> 1 | G25: 月 | H25: =H19 | I25: 日 | J25: から90日以内
B27: ・5回目の報告時期： | D27: =IF(D19="","",D19+4) | E27: 年 | F27: =F19 -> 1 | G27: 月 | H27: =H19 | I27: 日 | J27: から90日以内
B29: ・6回目の報告時期： | D29: =IF(D19="","",D19+5) | E29: 年 | F29: =F19 -> 1 | G29: 月 | H29: =H19 | I29: 日 | J29: から90日以内

Sheet 【個人】1回目＞計算用シート
A1: 【事業承継促進枠｜個人事業主用】(12次公募) 事業化状況報告用 計算シート v1.0 | H1: =+IF(COUNTIF(J2:J6,"未入力あり")>0,"※未入力の項目があります","") -> ※未入力の項目があります
B2: ＜記載に際しての注意事項＞ | H2: =B9 -> Ⅰ.事業者情報と報告概要 | J2: =J9 -> 未入力あり
B3: ・本計算シートは必ずJグランツの専用フォーム「様式第12.事業化状況報告」より提出してください。 | H3: =B22 -> Ⅱ.年度事業化及び収益状況の概要 | J3: =J22 -> 未入力あり
B4: ・本計算シートに関連する各種証憑はHP掲載の『事業化状況報告マニュアル』の内容に従って提出してください。 | H4: =B79 -> Ⅲ.生産性向上に関する報告 | J4: =J79 -> 未入力あり
B5: ・本シートにおける「前事業年度」とは、報告対象となる年度の前年度を指します。 | H5: =B138 -> Ⅳ.賃金引上げに関する報告 | J5: =J138 -> 未入力あり
B6: ・薄黄色セルの数値の入力部分については、該当がない部分も必ず「0」を入力してください。
B7: ・入力ヒントをセル内のメモにて記載している項目がございますので、適宜ご確認の上、入力してください。
B8: ・「(※)」が記載されている箇所については、赤枠の黄色ワッペンにて補足がございますので、ご確認上ご記入ください。 | J8: =IF(C20="","",IF(C20=M18,"※今回報告の入力者：承継者様","※今回報告の入力者：被承継者様"))
B9: Ⅰ.事業者情報と報告概要 | J9: =IF(COUNTBLANK(C12:C20)>0,"未入力あり","入力完了") -> 未入力あり
B10: 事業者情報
B11: ・交付決定通知書、補助金の交付額確定通知書等を参照し、正確に情報を入力してください。
B12: 補助事業者名 | E12: 交付決定通知書等に記載のある補助事業者名を入力してください。
B13: 交付申請番号 | D13: 交付決定通知書等に記載のある交付申請番号（大文字の英字と数字の組み合わせ）を入力してください。
B14: 補助金の交付日 | D14: 補助金の交付日(=補助事業完了日)を入力してください。（202X年X月X日）
B15: 期首年月日 | D15: 今回の報告対象となる事業年度(補助事業完了日を含む年度)の期首年月日を記入してください。（202X年X月X日）
B16: 期末年月日 | D16: 今回の報告対象となる事業年度(補助事業完了日を含む年度)の期末年月日を記入してください。（202X年X月X日） | L16: 賃上げ | M16: 該当あり
B17: 公募申請日を含む事業年度の期末年月日 | D17: 公募申請日を含む事業年度の期末年月日を記入してください。（202X年X月X日）※上記「期末年月日」と同日の場合も入力が必要です。 | M17: 該当なし
B18: 補助上限額引き上げに伴う賃上げ申請 | D18: 賃上げ要件の充足による補助上限額引き上げを申請している事業者は「該当あり」を選択してください。 | L18: 承継完了 | M18: 1.承継予定年月までに完了済み
B19: 加点に伴う賃上げ申請 | D19: 賃上げ要件の充足による加点を申請している事業者は「該当あり」を選択してください。 | M19: 2.承継予定年月までに完了予定
B20: 承継の完了状況 | D20: 今回報告時点で承継を完了している事業者は「1.承継予定年月までに完了済み」を選択してください。 | M20: 3.承継予定年月に未完了予定且つ承継期間内に完了予定
M21: 4.承継期間内に未完了予定
B22: Ⅱ.年度事業化及び収益状況の概要 | C22: =IF(C20=M18,"※未承継期間における数値の入力は不要です。","") | J22: =IF(COUNTBLANK(C30:D39)+COUNTBLANK(C42:D42)+COUNTBLANK(C53:C54)+COUNTBLANK(C56:C57)+COUNTBLANK(C59:C60)>0,"未入力あり","入力完了") -> 未入力あり
B23: 区分経理_損益計算書（全体／補助事業）
B24: ・決算報告書の損益計算書および貸借対照表を参照し、黄色セルに数字を入力してください。
B25: ・全体の金額を「損益計算書の金額」欄に、補助事業に限定した金額を「補助事業分」欄に、それぞれ入力してください。
B26: ・全体＝補助事業の場合や補助対象事業の切り分けが困難な場合は、「補助事業分」欄にも全体と同じ金額を入力してください。
B27: （単位：円） ※青字数字は、所得税青色申告決算書上の項目番号を示しています | C27: 申告決算書金額 （全体） | D27: 事業別の損益
D28: 補助事業分 | E28: 補助事業以外の事業／部門分（任意入力）
E29: 事業名 | G29: 事業名
B30: 売上高 ①
B31: 差引原価（売上原価） ⑥
B32: 差引金額（売上総利益） ⑦ | C32: =C30-C31 -> 0 | D32: =D30-D31 -> 0 | E32: =E30-E31 -> 0 | G32: =G30-G31 -> 0
B33: 経費 計（経費合計額） ㉜
B34: 差引金額 ㉝ | C34: =C32-C33 -> 0 | D34: =D32-D33 -> 0 | E34: =E32-E33 -> 0 | G34: =G32-G33 -> 0
B35: 繰戻額等 計 ㊲
B36: 繰入額等 計 ㊷
B37: 青色申告特別控除前の所得金額 ㊸ | C37: =C34+C35-C36 -> 0 | D37: =D34+D35-D36 -> 0 | E37: =E34+E35-E36 -> 0 | G37: =G34+G35-G36 -> 0
B38: 青色申告特別控除 ㊹
B39: 所得金額 ㊺ | C39: =C37-C38 -> 0 | D39: =D37-D38 -> 0 | E39: =E37-E38 -> 0 | G39: =G37-G38 -> 0
C41: 全体 | D41: 補助事業分 | E41: 補助事業以外の従事者
B42: 従業員数(名) | E42: =C42-D42 -> 0
B44: （追加情報）
B45: ・下表の黄色セルに、損益計算書、確定通知書等を参考に追加情報を入力してください。
B46: （単位：円）
B47: ①売上高 | C47: =D30 -> 0 | D47: ①～⑥：上表（補助事業分）から自動転記
B48: ②売上原価 | C48: =D31 -> 0
B49: ③経費 | C49: =D33 -> 0
B50: ④繰入額・専従者給与 | C50: =D36 -> 0
B51: ⑤青色申告特別控除 | C51: =D38 -> 0
B52: ⑥その他税務申告時に認められている控除 | C52: =D35 -> 0
B53: ⑦事業主給与相当額 | D53: ご自身の当該事業（補助事業分）の給与に相当する年収額を記入してください。
B54: ⑧租税公課 | D54: 対象の事業年度の所得税等、「③経費」に含まれていない税金の金額を記入してください。また金額が確認できる書類を提出してください。
B56: ⑨補助金交付額 | D56: 実績報告後に交付された「補助金額の確定通知書」に記載された『補助金確定額』を記入してください。
B57: ⑩補助対象経費 | D57: 実績報告時のパッケージ内「対象経費総括表」シートに記載された『補助対象経費』の金額を記入してください。
B59: ⑪前年度までの収益に伴う納付金 | D59: 前年度までに収益の発生により国庫納付した額がある場合、記入してください。（第１回目報告は０となります）
B60: ⑫取得財産処分に伴う納付金 | D60: これまで補助金により取得した取得価格50万円以上の財産を処分したことによる国庫納付が発生している場合、合計額を記入してください。
B62: 2.事業化状況
B63: （単位：円） | C63: 全体 | D63: 補助事業分
B64: 売上高 | C64: =C30 -> 0 | D64: =D30 -> 0
B65: 売上総利益 | C65: =C32 -> 0 | D65: =D32 -> 0
B66: 経常利益 | C66: =C37 -> 0
B67: 従業員数（名） | C67: =C42 -> 0 | D67: =D42 -> 0
B69: 3.収益状況
B70: （単位：円） | C70: （自動反映）
B71: A：補助金交付額 | C71: =C56 -> 0 | D71: ⑨補助金交付額
B72: B：補助対象事業に係る収益額 | C72: =C47-C48-C49-C50-C51-C52-C53-C54 -> 0 | D72: ①売上金額-（Ｄ：補助事業に係る支出額）
B73: C：控除額 | C73: =C57 -> 0 | D73: ⑩補助対象経費
B74: D：補助対象事業に係る支出額 | C74: =C48+C49+C50+C51-C52+C53+C54 -> 0 | D74: ②売上原価＋③経費＋④繰入額・専従者給与＋⑤青色申告特別控除-⑥その他控除＋⑦事業主給与相当額＋⑧租税公課
B75: E：基準納付額 | C75: =IFERROR(INT(MAX((C72-C73)*C71/C74,0)),0) -> 0 | D75: （Ｂ-Ｃ）×Ａ÷Ｄ
B76: F：累積納付額 | C76: =C59+C60 -> 0 | D76: ⑪前年度までの収益に伴う納付金＋⑫取得財産処分に伴う納付金
B77: G：本年度納付額 | C77: =INT(IF(C76>C71,0,IF(C75>C71,C71-C76,C75-C76))) -> 0 | D77: Ｅ＜Ａの場合はG＝Ｅ-Ｆ、Ｅ＞Ａの場合はG＝Ａ-Ｆ、Ｆ＞Ａの場合はG＝0として算出
B79: Ⅲ.生産性向上に関する報告 | C79: =IF(C20=M18,"※未承継期間における数値の入力は不要です。","") | J79: =IF(COUNTBLANK(C82:D85)+COUNTBLANK(C89:D93)+COUNTBLANK(C97:D103)+IF($C$14<EDATE($C$17,12),COUNTBLANK(D107:E122)+COUNTBLANK(D129:E133),COUNTBLANK(C107:E122)+COUNTBLANK(C129:E133))>0,"未入力あり","入力完了") -> 未入力あり
B80: 4.給与支給総額 (※) | C80: ・全体＝補助事業の場合は、「補助事業分」欄にも、全体と同じ金額を入力してください。
B81: （単位：円） | C81: 全体 | D81: 補助事業分
B82: 給料賃金 ⑳
B83: 専従者給与 ㊳
B84: 青色申告特別控除前の所得金額 ㊸
B85: 合計 | C85: =SUM(C82:C84) -> 0 | D85: =SUM(D82:D84) -> 0
B87: 5.人件費の入力 (※) | C87: ・全体＝補助事業の場合は、「補助事業分」欄にも、全体と同じ金額を入力してください。
B88: （単位：円） | C88: 全体 | D88: 補助事業分
B89: 福利厚生費 ⑲
B90: 給料賃金 ⑳ | C90: =C82 -> 0 | D90: =D82 -> 0
B91: 専従者給与 ㊳ | C91: =C83 -> 0 | D91: =D83 -> 0
B92: 法定福利費
B93: 合計 | C93: =SUM(C89:C92) -> 0 | D93: =SUM(D89:D92) -> 0
B95: 6.減価償却費の入力 (※)
B96: （単位：円） | C96: 全体 | D96: 補助事業分
B97: 減価償却費 ⑱
B98: リース料
B99: 繰延資産償却
B100: その他
B101: 普通償却（小計） | C101: =SUM(C97:C100) -> 0 | D101: =SUM(D97:D100) -> 0
B102: 特別償却
B103: 合計 | C103: =C97+C98+C99+C100+C102 -> 0 | D103: =D97+D98+D99+D100+D102 -> 0
B105: 7.生産性向上の状況
B106: （単位：円） | C106: 前々事業年度 | D106: 前事業年度 | E106: 今回報告時
B107: ①売上高 ① | E107: =D30 -> 0
B108: ②差引原価（売上原価） ⑥ | E108: =D31 -> 0
B109: ③差引金額（売上総利益） ⑦ | C109: =C107-C108 -> 0 | D109: =D107-D108 -> 0 | E109: =D32 -> 0
B110: ④販売費及び一般管理費 ※下参照 | C110: =C133 -> 0 | D110: =D133 -> 0 | E110: =E133 -> 0
...

Sheet 【個人】2回目＞計算用シート
A1: 【事業承継促進枠｜個人事業主用】(12次公募) 事業化状況報告用 計算シート v1.0 | H1: =+IF(COUNTIF(J2:J6,"未入力あり")>0,"※未入力の項目があります","") -> ※未入力の項目があります
B2: ＜記載に際しての注意事項＞ | H2: =B9 -> Ⅰ.事業者情報と報告概要 | J2: =J9 -> 未入力あり
B3: ・本計算シートは必ずJグランツの専用フォーム「様式第12.事業化状況報告」より提出してください。 | H3: =B22 -> Ⅱ.年度事業化及び収益状況の概要 | J3: =J22 -> 未入力あり
B4: ・本計算シートに関連する各種証憑はHP掲載の『事業化状況報告マニュアル』の内容に従って提出してください。 | H4: =B79 -> Ⅲ.生産性向上に関する報告 | J4: =J79 -> 未入力あり
B5: ・本シートにおける「前事業年度」とは、報告対象となる年度の前年度を指します。 | H5: =B138 -> Ⅳ.賃金引上げに関する報告 | J5: =J138 -> 未入力あり
B6: ・薄黄色セルの数値の入力部分については、該当がない部分も必ず「0」を入力してください。
B7: ・入力ヒントをセル内のメモにて記載している項目がございますので、適宜ご確認の上、入力してください。
B8: ・「(※)」が記載されている箇所については、赤枠の黄色ワッペンにて補足がございますので、ご確認上ご記入ください。 | J8: =IF(C20="","",IF(C20=M18,"※今回報告の入力者：承継者様","※今回報告の入力者：被承継者様"))
B9: Ⅰ.事業者情報と報告概要 | J9: =IF(COUNTBLANK(C12:C20)>0,"未入力あり","入力完了") -> 未入力あり
B10: 事業者情報
B11: ・交付決定通知書、補助金の交付額確定通知書等を参照し、正確に情報を入力してください。
B12: 補助事業者名 | C12: ='【個人】1回目＞計算用シート'!C12 -> 0 | E12: 交付決定通知書等に記載のある補助事業者名を入力してください。
B13: 交付申請番号 | C13: ='【個人】1回目＞計算用シート'!C13 -> 0 | D13: 交付決定通知書等に記載のある交付申請番号（大文字の英字と数字の組み合わせ）を入力してください。
B14: 補助金の交付日 | C14: ='【個人】1回目＞計算用シート'!C14 -> 0 | D14: 補助金の交付日(=補助事業完了日)を入力してください。（202X年X月X日）
B15: 期首年月日 | D15: 今回の報告対象となる事業年度の期首年月日を記入してください。（202X年X月X日）
B16: 期末年月日 | D16: 今回の報告対象となる事業年度の期末年月日を記入してください。（202X年X月X日） | L16: 賃上げ | M16: 該当あり
B17: 公募申請日を含む事業年度の期末年月日 | C17: ='【個人】1回目＞計算用シート'!C17 -> 0 | D17: 公募申請日を含む事業年度の期末年月日を記入してください。（202X年X月X日） | M17: 該当なし
B18: 補助上限額引き上げに伴う賃上げ申請 | C18: ='【個人】1回目＞計算用シート'!C18 -> 0 | D18: 賃上げ要件の充足による補助上限額引き上げを申請している事業者は「該当あり」を選択してください。 | L18: 承継完了 | M18: 1.承継予定年月までに完了済み
B19: 加点に伴う賃上げ申請 | C19: ='【個人】1回目＞計算用シート'!C19 -> 0 | D19: 賃上げ要件の充足による加点を申請している事業者は「該当あり」を選択してください。 | M19: 2.承継予定年月までに完了予定
B20: 承継の完了状況 | D20: 今回報告時点で承継を完了している事業者は「1.承継予定年月までに完了済み」を選択してください。 | M20: 3.承継予定年月に未完了予定且つ承継期間内に完了予定
M21: 4.承継期間内に未完了予定
B22: Ⅱ.年度事業化及び収益状況の概要 | C22: =IF(C20=M18,"※未承継期間における数値の入力は不要です。","") | J22: =IF(COUNTBLANK(C30:D39)+COUNTBLANK(C42:D42)+COUNTBLANK(C53:C54)+COUNTBLANK(C56:C57)+COUNTBLANK(C59:C60)>0,"未入力あり","入力完了") -> 未入力あり
B23: 区分経理_損益計算書（全体／補助事業）
B24: ・決算報告書の損益計算書および貸借対照表を参照し、黄色セルに数字を入力してください。
B25: ・全体の金額を「損益計算書の金額」欄に、補助事業に限定した金額を「補助事業分」欄に、それぞれ入力してください。
B26: ・全体＝補助事業の場合や補助対象事業の切り分けが困難な場合は、「補助事業分」欄にも全体と同じ金額を入力してください。
B27: （単位：円） ※青字数字は、所得税青色申告決算書上の項目番号を示しています | C27: 申告決算書金額 （全体） | D27: 事業別の損益
D28: 補助事業分 | E28: 補助事業以外の事業／部門分（任意入力）
E29: 事業名 | G29: 事業名
B30: 売上高 ①
B31: 差引原価（売上原価） ⑥
B32: 差引金額（売上総利益） ⑦ | C32: =C30-C31 -> 0 | D32: =D30-D31 -> 0 | E32: =E30-E31 -> 0 | G32: =G30-G31 -> 0
B33: 経費 計（経費合計額） ㉜
B34: 差引金額 ㉝ | C34: =C32-C33 -> 0 | D34: =D32-D33 -> 0 | E34: =E32-E33 -> 0 | G34: =G32-G33 -> 0
B35: 繰戻額等 計 ㊲
B36: 繰入額等 計 ㊷
B37: 青色申告特別控除前の所得金額 ㊸ | C37: =C34+C35-C36 -> 0 | D37: =D34+D35-D36 -> 0 | E37: =E34+E35-E36 -> 0 | G37: =G34+G35-G36 -> 0
B38: 青色申告特別控除 ㊹
B39: 所得金額 ㊺ | C39: =C37-C38 -> 0 | D39: =D37-D38 -> 0 | E39: =E37-E38 -> 0 | G39: =G37-G38 -> 0
C41: 全体 | D41: 補助事業分 | E41: 補助事業以外の従事者
B42: 従業員数(名) | E42: =C42-D42 -> 0
B44: （追加情報）
B45: ・下表の黄色セルに、損益計算書、確定通知書等を参考に追加情報を入力してください。
B46: （単位：円）
B47: ①売上高 | C47: =D30 -> 0 | D47: ①～⑥：上表（補助事業分）から自動転記
B48: ②売上原価 | C48: =D31 -> 0
B49: ③経費 | C49: =D33 -> 0
B50: ④繰入額・専従者給与 | C50: =D36 -> 0
B51: ⑤青色申告特別控除 | C51: =D38 -> 0
B52: ⑥その他税務申告時に認められている控除 | C52: =D35 -> 0
B53: ⑦事業主給与相当額 | D53: ご自身の当該事業（補助事業分）の給与に相当する年収額を記入してください。
B54: ⑧租税公課 | D54: 対象の事業年度の所得税等、「③経費」に含まれていない税金の金額を記入してください。また金額が確認できる書類を提出してください。
B56: ⑨補助金交付額 | D56: 実績報告後に交付された「補助金額の確定通知書」に記載された『補助金確定額』を記入してください。
B57: ⑩補助対象経費 | D57: 実績報告時のパッケージ内「対象経費総括表」シートに記載された『補助対象経費』の金額を記入してください。
B59: ⑪前年度までの収益に伴う納付金 | D59: 前年度までに収益の発生により国庫納付した額がある場合、記入してください。（第１回目報告は０となります）
B60: ⑫取得財産処分に伴う納付金 | D60: これまで補助金により取得した取得価格50万円以上の財産を処分したことによる国庫納付が発生している場合、合計額を記入してください。
B62: 2.事業化状況
B63: （単位：円） | C63: 全体 | D63: 補助事業分
B64: 売上高 | C64: =C30 -> 0 | D64: =D30 -> 0
B65: 売上総利益 | C65: =C32 -> 0 | D65: =D32 -> 0
B66: 経常利益 | C66: =C37 -> 0
B67: 従業員数（名） | C67: =C42 -> 0 | D67: =D42 -> 0
B69: 3.収益状況
B70: （単位：円） | C70: （自動反映）
B71: A：補助金交付額 | C71: =C56 -> 0 | D71: ⑨補助金交付額
B72: B：補助対象事業に係る収益額 | C72: =C47-C48-C49-C50-C51-C52-C53-C54+'【個人】1回目＞計算用シート'!C72 -> 0 | D72: ①売上金額-（Ｄ：補助事業に係る支出額） の各年度の累計
B73: C：控除額 | C73: =C57 -> 0 | D73: ⑩補助対象経費
B74: D：補助対象事業に係る支出額 | C74: =C48+C49+C50+C51-C52+C53+C54+'【個人】1回目＞計算用シート'!C74 -> 0 | D74: ②売上原価＋③経費＋④繰入額・専従者給与＋⑤青色申告特別控除-⑥その他控除＋⑦事業主給与相当額＋⑧租税公課 の各年度の累計
B75: E：基準納付額 | C75: =IFERROR(INT(MAX((C72-C73)*C71/C74,0)),0) -> 0 | D75: （Ｂ-Ｃ）×Ａ÷Ｄ
B76: F：累積納付額 | C76: =C59+C60 -> 0 | D76: ⑪前年度までの収益に伴う納付金＋⑫取得財産処分に伴う納付金
B77: G：本年度納付額 | C77: =INT(IF(C76>C71,0,IF(C75>C71,C71-C76,C75-C76))) -> 0 | D77: Ｅ＜Ａの場合はG＝Ｅ-Ｆ、Ｅ＞Ａの場合はG＝Ａ-Ｆ、Ｆ＞Ａの場合はG＝0として算出
B79: Ⅲ.生産性向上に関する報告 | C79: =IF(C20=M18,"※未承継期間における数値の入力は不要です。","") | J79: =IF(COUNTBLANK(C82:D85)+COUNTBLANK(C89:D93)+COUNTBLANK(C97:D103)+COUNTBLANK(D107:D122)+COUNTBLANK(D129:D133)>0,"未入力あり","入力完了") -> 未入力あり
B80: 4.給与支給総額 (※) | C80: ・全体＝補助事業の場合は、「補助事業分」欄にも、全体と同じ金額を入力してください。
B81: （単位：円） | C81: 全体 | D81: 補助事業分
B82: 給料賃金 ⑳
B83: 専従者給与 ㊳
B84: 青色申告特別控除前の所得金額 ㊸
B85: 合計 | C85: =SUM(C82:C84) -> 0 | D85: =SUM(D82:D84) -> 0
B87: 5.人件費の入力 (※) | C87: ・全体＝補助事業の場合は、「補助事業分」欄にも、全体と同じ金額を入力してください。
B88: （単位：円） | C88: 全体 | D88: 補助事業分
B89: 福利厚生費 ⑲
B90: 給料賃金 ⑳ | C90: =C82 -> 0 | D90: =D82 -> 0
B91: 専従者給与 ㊳ | C91: =C83 -> 0 | D91: =D83 -> 0
B92: 法定福利費
B93: 合計 | C93: =SUM(C89:C92) -> 0 | D93: =SUM(D89:D92) -> 0
B95: 6.減価償却費の入力 (※)
B96: （単位：円） | C96: 全体 | D96: 補助事業分
B97: 減価償却費 ⑱
B98: リース料
B99: 繰延資産償却
B100: その他
B101: 普通償却（小計） | C101: =SUM(C97:C100) -> 0 | D101: =SUM(D97:D100) -> 0
B102: 特別償却
B103: 合計 | C103: =C97+C98+C99+C100+C102 -> 0 | D103: =D97+D98+D99+D100+D102 -> 0
B105: 7.生産性向上の状況
B106: （単位：円） | C106: 前回報告時 | D106: 今回報告時
B107: ①売上高 ① | C107: ='【個人】1回目＞計算用シート'!E107 -> 0 | D107: =D30 -> 0
B108: ②差引原価（売上原価） ⑥ | C108: ='【個人】1回目＞計算用シート'!E108 -> 0 | D108: =D31 -> 0
B109: ③差引金額（売上総利益） ⑦ | C109: ='【個人】1回目＞計算用シート'!E109 -> 0 | D109: =D32 -> 0
B110: ④販売費及び一般管理費 ※後段で算出 | C110: ='【個人】1回目＞計算用シート'!E110 -> 0 | D110: =D133 -> 0
...

Sheet 【個人】3回目＞計算用シート
A1: 【事業承継促進枠｜個人事業主用】(12次公募) 事業化状況報告用 計算シート v1.0 | H1: =+IF(COUNTIF(J2:J6,"未入力あり")>0,"※未入力の項目があります","") -> ※未入力の項目があります
B2: ＜記載に際しての注意事項＞ | H2: =B9 -> Ⅰ.事業者情報と報告概要 | J2: =J9 -> 未入力あり
B3: ・本計算シートは必ずJグランツの専用フォーム「様式第12.事業化状況報告」より提出してください。 | H3: =B22 -> Ⅱ.年度事業化及び収益状況の概要 | J3: =J22 -> 未入力あり
B4: ・本計算シートに関連する各種証憑はHP掲載の『事業化状況報告マニュアル』の内容に従って提出してください。 | H4: =B79 -> Ⅲ.生産性向上に関する報告 | J4: =J79 -> 未入力あり
B5: ・本シートにおける「前事業年度」とは、報告対象となる年度の前年度を指します。 | H5: =B138 -> Ⅳ.賃金引上げに関する報告 | J5: =J138 -> 未入力あり
B6: ・薄黄色セルの数値の入力部分については、該当がない部分も必ず「0」を入力してください。
B7: ・入力ヒントをセル内のメモにて記載している項目がございますので、適宜ご確認の上、入力してください。
B8: ・「(※)」が記載されている箇所については、赤枠の黄色ワッペンにて補足がございますので、ご確認上ご記入ください。 | J8: =IF(C20="","",IF(C20=M18,"※今回報告の入力者：承継者様","※今回報告の入力者：被承継者様"))
B9: Ⅰ.事業者情報と報告概要 | J9: =IF(COUNTBLANK(C12:C20)>0,"未入力あり","入力完了") -> 未入力あり
B10: 事業者情報
B11: ・交付決定通知書、補助金の交付額確定通知書等を参照し、正確に情報を入力してください。
B12: 補助事業者名 | C12: ='【個人】1回目＞計算用シート'!C12 -> 0 | E12: 交付決定通知書等に記載のある補助事業者名を入力してください。
B13: 交付申請番号 | C13: ='【個人】1回目＞計算用シート'!C13 -> 0 | D13: 交付決定通知書等に記載のある交付申請番号（大文字の英字と数字の組み合わせ）を入力してください。
B14: 補助金の交付日 | C14: ='【個人】1回目＞計算用シート'!C14 -> 0 | D14: 補助金の交付日(=補助事業完了日)を入力してください。（202X年X月X日）
B15: 期首年月日 | D15: 今回の報告対象となる事業年度の期首年月日を記入してください。（202X年X月X日）
B16: 期末年月日 | D16: 今回の報告対象となる事業年度の期末年月日を記入してください。（202X年X月X日） | L16: 賃上げ | M16: 該当あり
B17: 公募申請日を含む事業年度の期末年月日 | C17: ='【個人】1回目＞計算用シート'!C17 -> 0 | D17: 公募申請日を含む事業年度の期末年月日を記入してください。（202X年X月X日） | M17: 該当なし
B18: 補助上限額引き上げに伴う賃上げ申請 | C18: ='【個人】1回目＞計算用シート'!C18 -> 0 | D18: 賃上げ要件の充足による補助上限額引き上げを申請している事業者は「該当あり」を選択してください。 | L18: 承継完了 | M18: 1.承継予定年月までに完了済み
B19: 加点に伴う賃上げ申請 | C19: ='【個人】1回目＞計算用シート'!C19 -> 0 | D19: 賃上げ要件の充足による加点を申請している事業者は「該当あり」を選択してください。 | M19: 2.承継予定年月までに完了予定
B20: 承継の完了状況 | D20: 今回報告時点で承継を完了している事業者は「1.承継予定年月までに完了済み」を選択してください。 | M20: 3.承継予定年月に未完了予定且つ承継期間内に完了予定
M21: 4.承継期間内に未完了予定
B22: Ⅱ.年度事業化及び収益状況の概要 | C22: =IF(C20=M18,"※未承継期間における数値の入力は不要です。","") | J22: =IF(COUNTBLANK(C30:D39)+COUNTBLANK(C42:D42)+COUNTBLANK(C53:C54)+COUNTBLANK(C56:C57)+COUNTBLANK(C59:C60)>0,"未入力あり","入力完了") -> 未入力あり
B23: 区分経理_損益計算書（全体／補助事業）
B24: ・決算報告書の損益計算書および貸借対照表を参照し、黄色セルに数字を入力してください。
B25: ・全体の金額を「損益計算書の金額」欄に、補助事業に限定した金額を「補助事業分」欄に、それぞれ入力してください。
B26: ・全体＝補助事業の場合や補助対象事業の切り分けが困難な場合は、「補助事業分」欄にも全体と同じ金額を入力してください。
B27: （単位：円） ※青字数字は、所得税青色申告決算書上の項目番号を示しています | C27: 申告決算書金額 （全体） | D27: 事業別の損益
D28: 補助事業分 | E28: 補助事業以外の事業／部門分（任意入力）
E29: 事業名 | G29: 事業名
B30: 売上高 ①
B31: 差引原価（売上原価） ⑥
B32: 差引金額（売上総利益） ⑦ | C32: =C30-C31 -> 0 | D32: =D30-D31 -> 0 | E32: =E30-E31 -> 0 | G32: =G30-G31 -> 0
B33: 経費 計（経費合計額） ㉜
B34: 差引金額 ㉝ | C34: =C32-C33 -> 0 | D34: =D32-D33 -> 0 | E34: =E32-E33 -> 0 | G34: =G32-G33 -> 0
B35: 繰戻額等 計 ㊲
B36: 繰入額等 計 ㊷
B37: 青色申告特別控除前の所得金額 ㊸ | C37: =C34+C35-C36 -> 0 | D37: =D34+D35-D36 -> 0 | E37: =E34+E35-E36 -> 0 | G37: =G34+G35-G36 -> 0
B38: 青色申告特別控除 ㊹
B39: 所得金額 ㊺ | C39: =C37-C38 -> 0 | D39: =D37-D38 -> 0 | E39: =E37-E38 -> 0 | G39: =G37-G38 -> 0
C41: 全体 | D41: 補助事業分 | E41: 補助事業以外の従事者
B42: 従業員数(名) | E42: =C42-D42 -> 0
B44: （追加情報）
B45: ・下表の黄色セルに、損益計算書、確定通知書等を参考に追加情報を入力してください。
B46: （単位：円）
B47: ①売上高 | C47: =D30 -> 0 | D47: ①～⑥：上表（補助事業分）から自動転記
B48: ②売上原価 | C48: =D31 -> 0
B49: ③経費 | C49: =D33 -> 0
B50: ④繰入額・専従者給与 | C50: =D36 -> 0
B51: ⑤青色申告特別控除 | C51: =D38 -> 0
B52: ⑥その他税務申告時に認められている控除 | C52: =D35 -> 0
B53: ⑦事業主給与相当額 | D53: ご自身の当該事業（補助事業分）の給与に相当する年収額を記入してください。
B54: ⑧租税公課 | D54: 対象の事業年度の所得税等、「③経費」に含まれていない税金の金額を記入してください。また金額が確認できる書類を提出してください。
B56: ⑨補助金交付額 | D56: 実績報告後に交付された「補助金額の確定通知書」に記載された『補助金確定額』を記入してください。
B57: ⑩補助対象経費 | D57: 実績報告時のパッケージ内「対象経費総括表」シートに記載された『補助対象経費』の金額を記入してください。
B59: ⑪前年度までの収益に伴う納付金 | D59: 前年度までに収益の発生により国庫納付した額がある場合、記入してください。（第１回目報告は０となります）
B60: ⑫取得財産処分に伴う納付金 | D60: これまで補助金により取得した取得価格50万円以上の財産を処分したことによる国庫納付が発生している場合、合計額を記入してください。
B62: 2.事業化状況
B63: （単位：円） | C63: 全体 | D63: 補助事業分
B64: 売上高 | C64: =C30 -> 0 | D64: =D30 -> 0
B65: 売上総利益 | C65: =C32 -> 0 | D65: =D32 -> 0
B66: 経常利益 | C66: =C37 -> 0
B67: 従業員数（名） | C67: =C42 -> 0 | D67: =D42 -> 0
B69: 3.収益状況
B70: （単位：円） | C70: （自動反映）
B71: A：補助金交付額 | C71: =C56 -> 0 | D71: ⑨補助金交付額
B72: B：補助対象事業に係る収益額 | C72: =C47-C48-C49-C50-C51-C52-C53-C54+'【個人】2回目＞計算用シート'!C72 -> 0 | D72: ①売上金額-（Ｄ：補助事業に係る支出額） の各年度の累計
B73: C：控除額 | C73: =C57 -> 0 | D73: ⑩補助対象経費
B74: D：補助対象事業に係る支出額 | C74: =C48+C49+C50+C51-C52+C53+C54+'【個人】2回目＞計算用シート'!C74 -> 0 | D74: ②売上原価＋③経費＋④繰入額・専従者給与＋⑤青色申告特別控除-⑥その他控除＋⑦事業主給与相当額＋⑧租税公課 の各年度の累計
B75: E：基準納付額 | C75: =IFERROR(INT(MAX((C72-C73)*C71/C74,0)),0) -> 0 | D75: （Ｂ-Ｃ）×Ａ÷Ｄ
B76: F：累積納付額 | C76: =C59+C60 -> 0 | D76: ⑪前年度までの収益に伴う納付金＋⑫取得財産処分に伴う納付金
B77: G：本年度納付額 | C77: =INT(IF(C76>C71,0,IF(C75>C71,C71-C76,C75-C76))) -> 0 | D77: Ｅ＜Ａの場合はG＝Ｅ-Ｆ、Ｅ＞Ａの場合はG＝Ａ-Ｆ、Ｆ＞Ａの場合はG＝0として算出
B79: Ⅲ.生産性向上に関する報告 | C79: =IF(C20=M18,"※未承継期間における数値の入力は不要です。","") | J79: =IF(COUNTBLANK(C82:D85)+COUNTBLANK(C89:D93)+COUNTBLANK(C97:D103)+COUNTBLANK(D107:D122)+COUNTBLANK(D129:D133)>0,"未入力あり","入力完了") -> 未入力あり
B80: 4.給与支給総額 (※) | C80: ・全体＝補助事業の場合は、「補助事業分」欄にも、全体と同じ金額を入力してください。
B81: （単位：円） | C81: 全体 | D81: 補助事業分
B82: 給料賃金 ⑳
B83: 専従者給与 ㊳
B84: 青色申告特別控除前の所得金額 ㊸
B85: 合計 | C85: =SUM(C82:C84) -> 0 | D85: =SUM(D82:D84) -> 0
B87: 5.人件費の入力 (※) | C87: ・全体＝補助事業の場合は、「補助事業分」欄にも、全体と同じ金額を入力してください。
B88: （単位：円） | C88: 全体 | D88: 補助事業分
B89: 福利厚生費 ⑲
B90: 給料賃金 ⑳ | C90: =C82 -> 0 | D90: =D82 -> 0
B91: 専従者給与 ㊳ | C91: =C83 -> 0 | D91: =D83 -> 0
B92: 法定福利費
B93: 合計 | C93: =SUM(C89:C92) -> 0 | D93: =SUM(D89:D92) -> 0
B95: 6.減価償却費の入力 (※)
B96: （単位：円） | C96: 全体 | D96: 補助事業分
B97: 減価償却費 ⑱
B98: リース料
B99: 繰延資産償却
B100: その他
B101: 普通償却（小計） | C101: =SUM(C97:C100) -> 0 | D101: =SUM(D97:D100) -> 0
B102: 特別償却
B103: 合計 | C103: =C97+C98+C99+C100+C102 -> 0 | D103: =D97+D98+D99+D100+D102 -> 0
B105: 7.生産性向上の状況
B106: （単位：円） | C106: 前回報告時 | D106: 今回報告時
B107: ①売上高 ① | C107: ='【個人】2回目＞計算用シート'!D107 -> 0 | D107: =D30 -> 0
B108: ②差引原価（売上原価） ⑥ | C108: ='【個人】2回目＞計算用シート'!D108 -> 0 | D108: =D31 -> 0
B109: ③差引金額（売上総利益） ⑦ | C109: ='【個人】2回目＞計算用シート'!D109 -> 0 | D109: =D32 -> 0
B110: ④販売費及び一般管理費 ※下参照 | C110: ='【個人】2回目＞計算用シート'!D110 -> 0 | D110: =D133 -> 0
...

Sheet 【個人】4回目＞計算用シート
A1: 【事業承継促進枠｜個人事業主用】(12次公募) 事業化状況報告用 計算シート v1.0 | H1: =+IF(COUNTIF(J2:J6,"未入力あり")>0,"※未入力の項目があります","") -> ※未入力の項目があります
B2: ＜記載に際しての注意事項＞ | H2: =B9 -> Ⅰ.事業者情報と報告概要 | J2: =J9 -> 未入力あり
B3: ・本計算シートは必ずJグランツの専用フォーム「様式第12.事業化状況報告」より提出してください。 | H3: =B22 -> Ⅱ.年度事業化及び収益状況の概要 | J3: =J22 -> 未入力あり
B4: ・本計算シートに関連する各種証憑はHP掲載の『事業化状況報告マニュアル』の内容に従って提出してください。 | H4: =B79 -> Ⅲ.生産性向上に関する報告 | J4: =J79 -> 未入力あり
B5: ・本シートにおける「前事業年度」とは、報告対象となる年度の前年度を指します。 | H5: =B138 -> Ⅳ.賃金引上げに関する報告 | J5: =J138 -> 未入力あり
B6: ・薄黄色セルの数値の入力部分については、該当がない部分も必ず「0」を入力してください。
B7: ・入力ヒントをセル内のメモにて記載している項目がございますので、適宜ご確認の上、入力してください。
B8: ・「(※)」が記載されている箇所については、赤枠の黄色ワッペンにて補足がございますので、ご確認上ご記入ください。 | J8: =IF(C20="","",IF(C20=M18,"※今回報告の入力者：承継者様","※今回報告の入力者：被承継者様"))
B9: Ⅰ.事業者情報と報告概要 | J9: =IF(COUNTBLANK(C12:C20)>0,"未入力あり","入力完了") -> 未入力あり
B10: 事業者情報
B11: ・交付決定通知書、補助金の交付額確定通知書等を参照し、正確に情報を入力してください。
B12: 補助事業者名 | C12: ='【個人】1回目＞計算用シート'!C12 -> 0 | E12: 交付決定通知書等に記載のある補助事業者名を入力してください。
B13: 交付申請番号 | C13: ='【個人】1回目＞計算用シート'!C13 -> 0 | D13: 交付決定通知書等に記載のある交付申請番号（大文字の英字と数字の組み合わせ）を入力してください。
B14: 補助金の交付日 | C14: ='【個人】1回目＞計算用シート'!C14 -> 0 | D14: 補助金の交付日(=補助事業完了日)を入力してください。（202X年X月X日）
B15: 期首年月日 | D15: 今回の報告対象となる事業年度の期首年月日を記入してください。（202X年X月X日）
B16: 期末年月日 | D16: 今回の報告対象となる事業年度の期末年月日を記入してください。（202X年X月X日） | L16: 賃上げ | M16: 該当あり
B17: 公募申請日を含む事業年度の期末年月日 | C17: ='【個人】1回目＞計算用シート'!C17 -> 0 | D17: 公募申請日を含む事業年度の期末年月日を記入してください。（202X年X月X日） | M17: 該当なし
B18: 補助上限額引き上げに伴う賃上げ申請 | C18: ='【個人】1回目＞計算用シート'!C18 -> 0 | D18: 賃上げ要件の充足による補助上限額引き上げを申請している事業者は「該当あり」を選択してください。 | L18: 承継完了 | M18: 1.承継予定年月までに完了済み
B19: 加点に伴う賃上げ申請 | C19: ='【個人】1回目＞計算用シート'!C19 -> 0 | D19: 賃上げ要件の充足による加点を申請している事業者は「該当あり」を選択してください。 | M19: 2.承継予定年月までに完了予定
B20: 承継の完了状況 | D20: 今回報告時点で承継を完了している事業者は「1.承継予定年月までに完了済み」を選択してください。 | M20: 3.承継予定年月に未完了予定且つ承継期間内に完了予定
M21: 4.承継期間内に未完了予定
B22: Ⅱ.年度事業化及び収益状況の概要 | C22: =IF(C20=M18,"※未承継期間における数値の入力は不要です。","") | J22: =IF(COUNTBLANK(C30:D39)+COUNTBLANK(C42:D42)+COUNTBLANK(C53:C54)+COUNTBLANK(C56:C57)+COUNTBLANK(C59:C60)>0,"未入力あり","入力完了") -> 未入力あり
B23: 区分経理_損益計算書（全体／補助事業）
B24: ・決算報告書の損益計算書および貸借対照表を参照し、黄色セルに数字を入力してください。
B25: ・全体の金額を「損益計算書の金額」欄に、補助事業に限定した金額を「補助事業分」欄に、それぞれ入力してください。
B26: ・全体＝補助事業の場合や補助対象事業の切り分けが困難な場合は、「補助事業分」欄にも全体と同じ金額を入力してください。
B27: （単位：円） ※青字数字は、所得税青色申告決算書上の項目番号を示しています | C27: 申告決算書金額 （全体） | D27: 事業別の損益
D28: 補助事業分 | E28: 補助事業以外の事業／部門分（任意入力）
E29: 事業名 | G29: 事業名
B30: 売上高 ①
B31: 差引原価（売上原価） ⑥
B32: 差引金額（売上総利益） ⑦ | C32: =C30-C31 -> 0 | D32: =D30-D31 -> 0 | E32: =E30-E31 -> 0 | G32: =G30-G31 -> 0
B33: 経費 計（経費合計額） ㉜
B34: 差引金額 ㉝ | C34: =C32-C33 -> 0 | D34: =D32-D33 -> 0 | E34: =E32-E33 -> 0 | G34: =G32-G33 -> 0
B35: 繰戻額等 計 ㊲
B36: 繰入額等 計 ㊷
B37: 青色申告特別控除前の所得金額 ㊸ | C37: =C34+C35-C36 -> 0 | D37: =D34+D35-D36 -> 0 | E37: =E34+E35-E36 -> 0 | G37: =G34+G35-G36 -> 0
B38: 青色申告特別控除 ㊹
B39: 所得金額 ㊺ | C39: =C37-C38 -> 0 | D39: =D37-D38 -> 0 | E39: =E37-E38 -> 0 | G39: =G37-G38 -> 0
C41: 全体 | D41: 補助事業分 | E41: 補助事業以外の従事者
B42: 従業員数(名) | E42: =C42-D42 -> 0
B44: （追加情報）
B45: ・下表の黄色セルに、損益計算書、確定通知書等を参考に追加情報を入力してください。
B46: （単位：円）
B47: ①売上高 | C47: =D30 -> 0 | D47: ①～⑥：上表（補助事業分）から自動転記
B48: ②売上原価 | C48: =D31 -> 0
B49: ③経費 | C49: =D33 -> 0
B50: ④繰入額・専従者給与 | C50: =D36 -> 0
B51: ⑤青色申告特別控除 | C51: =D38 -> 0
B52: ⑥その他税務申告時に認められている控除 | C52: =D35 -> 0
B53: ⑦事業主給与相当額 | D53: ご自身の当該事業（補助事業分）の給与に相当する年収額を記入してください。
B54: ⑧租税公課 | D54: 対象の事業年度の所得税等、「③経費」に含まれていない税金の金額を記入してください。また金額が確認できる書類を提出してください。
B56: ⑨補助金交付額 | D56: 実績報告後に交付された「補助金額の確定通知書」に記載された『補助金確定額』を記入してください。
B57: ⑩補助対象経費 | D57: 実績報告時のパッケージ内「対象経費総括表」シートに記載された『補助対象経費』の金額を記入してください。
B59: ⑪前年度までの収益に伴う納付金 | D59: 前年度までに収益の発生により国庫納付した額がある場合、記入してください。（第１回目報告は０となります）
B60: ⑫取得財産処分に伴う納付金 | D60: これまで補助金により取得した取得価格50万円以上の財産を処分したことによる国庫納付が発生している場合、合計額を記入してください。
B62: 2.事業化状況
B63: （単位：円） | C63: 全体 | D63: 補助事業分
B64: 売上高 | C64: =C30 -> 0 | D64: =D30 -> 0
B65: 売上総利益 | C65: =C32 -> 0 | D65: =D32 -> 0
B66: 経常利益 | C66: =C37 -> 0
B67: 従業員数（名） | C67: =C42 -> 0 | D67: =D42 -> 0
B69: 3.収益状況
B70: （単位：円） | C70: （自動反映）
B71: A：補助金交付額 | C71: =C56 -> 0 | D71: ⑨補助金交付額
B72: B：補助対象事業に係る収益額 | C72: =C47-C48-C49-C50-C51-C52-C53-C54+'【個人】3回目＞計算用シート'!C72 -> 0 | D72: ①売上金額-（Ｄ：補助事業に係る支出額） の各年度の累計
B73: C：控除額 | C73: =C57 -> 0 | D73: ⑩補助対象経費
B74: D：補助対象事業に係る支出額 | C74: =C48+C49+C50+C51-C52+C53+C54+'【個人】3回目＞計算用シート'!C74 -> 0 | D74: ②売上原価＋③経費＋④繰入額・専従者給与＋⑤青色申告特別控除-⑥その他控除＋⑦事業主給与相当額＋⑧租税公課 の各年度の累計
B75: E：基準納付額 | C75: =IFERROR(INT(MAX((C72-C73)*C71/C74,0)),0) -> 0 | D75: （Ｂ-Ｃ）×Ａ÷Ｄ
B76: F：累積納付額 | C76: =C59+C60 -> 0 | D76: ⑪前年度までの収益に伴う納付金＋⑫取得財産処分に伴う納付金
B77: G：本年度納付額 | C77: =INT(IF(C76>C71,0,IF(C75>C71,C71-C76,C75-C76))) -> 0 | D77: Ｅ＜Ａの場合はG＝Ｅ-Ｆ、Ｅ＞Ａの場合はG＝Ａ-Ｆ、Ｆ＞Ａの場合はG＝0として算出
B79: Ⅲ.生産性向上に関する報告 | C79: =IF(C20=M18,"※未承継期間における数値の入力は不要です。","") | J79: =IF(COUNTBLANK(C82:D85)+COUNTBLANK(C89:D93)+COUNTBLANK(C97:D103)+COUNTBLANK(D107:D122)+COUNTBLANK(D129:D133)>0,"未入力あり","入力完了") -> 未入力あり
B80: 4.給与支給総額 (※) | C80: ・全体＝補助事業の場合は、「補助事業分」欄にも、全体と同じ金額を入力してください。
B81: （単位：円） | C81: 全体 | D81: 補助事業分
B82: 給料賃金 ⑳
B83: 専従者給与 ㊳
B84: 青色申告特別控除前の所得金額 ㊸
B85: 合計 | C85: =SUM(C82:C84) -> 0 | D85: =SUM(D82:D84) -> 0
B87: 5.人件費の入力 (※) | C87: ・全体＝補助事業の場合は、「補助事業分」欄にも、全体と同じ金額を入力してください。
B88: （単位：円） | C88: 全体 | D88: 補助事業分
B89: 福利厚生費 ⑲
B90: 給料賃金 ⑳ | C90: =C82 -> 0 | D90: =D82 -> 0
B91: 専従者給与 ㊳ | C91: =C83 -> 0 | D91: =D83 -> 0
B92: 法定福利費
B93: 合計 | C93: =SUM(C89:C92) -> 0 | D93: =SUM(D89:D92) -> 0
B95: 6.減価償却費の入力 (※)
B96: （単位：円） | C96: 全体 | D96: 補助事業分
B97: 減価償却費 ⑱
B98: リース料
B99: 繰延資産償却
B100: その他
B101: 普通償却（小計） | C101: =SUM(C97:C100) -> 0 | D101: =SUM(D97:D100) -> 0
B102: 特別償却
B103: 合計 | C103: =C97+C98+C99+C100+C102 -> 0 | D103: =D97+D98+D99+D100+D102 -> 0
B105: 7.生産性向上の状況
B106: （単位：円） | C106: 前回報告時 | D106: 今回報告時
B107: ①売上高 ① | C107: ='【個人】3回目＞計算用シート'!D107 -> 0 | D107: =D30 -> 0
B108: ②差引原価（売上原価） ⑥ | C108: ='【個人】3回目＞計算用シート'!D108 -> 0 | D108: =D31 -> 0
B109: ③差引金額（売上総利益） ⑦ | C109: ='【個人】3回目＞計算用シート'!D109 -> 0 | D109: =D32 -> 0
B110: ④販売費及び一般管理費 ※後段で算出 | C110: ='【個人】3回目＞計算用シート'!D110 -> 0 | D110: =D133 -> 0
...

Sheet 【個人】5回目＞計算用シート
A1: 【事業承継促進枠｜個人事業主用】(12次公募) 事業化状況報告用 計算シート v1.0 | H1: =+IF(COUNTIF(J2:J6,"未入力あり")>0,"※未入力の項目があります","") -> ※未入力の項目があります
B2: ＜記載に際しての注意事項＞ | H2: =B9 -> Ⅰ.事業者情報と報告概要 | J2: =J9 -> 未入力あり
B3: ・本計算シートは必ずJグランツの専用フォーム「様式第12.事業化状況報告」より提出してください。 | H3: =B22 -> Ⅱ.年度事業化及び収益状況の概要 | J3: =J22 -> 未入力あり
B4: ・本計算シートに関連する各種証憑はHP掲載の『事業化状況報告マニュアル』の内容に従って提出してください。 | H4: =B79 -> Ⅲ.生産性向上に関する報告 | J4: =J79 -> 未入力あり
B5: ・本シートにおける「前事業年度」とは、報告対象となる年度の前年度を指します。 | H5: =B138 -> Ⅳ.賃金引上げに関する報告 | J5: =J138 -> 未入力あり
B6: ・薄黄色セルの数値の入力部分については、該当がない部分も必ず「0」を入力してください。
B7: ・入力ヒントをセル内のメモにて記載している項目がございますので、適宜ご確認の上、入力してください。
B8: ・「(※)」が記載されている箇所については、赤枠の黄色ワッペンにて補足がございますので、ご確認上ご記入ください。 | J8: =IF(C20="","",IF(C20=M18,"※今回報告の入力者：承継者様","※今回報告の入力者：被承継者様"))
B9: Ⅰ.事業者情報と報告概要 | J9: =IF(COUNTBLANK(C12:C20)>0,"未入力あり","入力完了") -> 未入力あり
B10: 事業者情報
B11: ・交付決定通知書、補助金の交付額確定通知書等を参照し、正確に情報を入力してください。
B12: 補助事業者名 | C12: ='【個人】1回目＞計算用シート'!C12 -> 0 | E12: 交付決定通知書等に記載のある補助事業者名を入力してください。
B13: 交付申請番号 | C13: ='【個人】1回目＞計算用シート'!C13 -> 0 | D13: 交付決定通知書等に記載のある交付申請番号（大文字の英字と数字の組み合わせ）を入力してください。
B14: 補助金の交付日 | C14: ='【個人】1回目＞計算用シート'!C14 -> 0 | D14: 補助金の交付日(=補助事業完了日)を入力してください。（202X年X月X日）
B15: 期首年月日 | D15: 今回の報告対象となる事業年度の期首年月日を記入してください。（202X年X月X日）
B16: 期末年月日 | D16: 今回の報告対象となる事業年度の期末年月日を記入してください。（202X年X月X日） | L16: 賃上げ | M16: 該当あり
B17: 公募申請日を含む事業年度の期末年月日 | C17: ='【個人】1回目＞計算用シート'!C17 -> 0 | D17: 公募申請日を含む事業年度の期末年月日を記入してください。（202X年X月X日） | M17: 該当なし
B18: 補助上限額引き上げに伴う賃上げ申請 | C18: ='【個人】1回目＞計算用シート'!C18 -> 0 | D18: 賃上げ要件の充足による補助上限額引き上げを申請している事業者は「該当あり」を選択してください。 | L18: 承継完了 | M18: 1.承継予定年月までに完了済み
B19: 加点に伴う賃上げ申請 | C19: ='【個人】1回目＞計算用シート'!C19 -> 0 | D19: 賃上げ要件の充足による加点を申請している事業者は「該当あり」を選択してください。 | M19: 2.承継予定年月までに完了予定
B20: 承継の完了状況 | D20: 今回報告時点で承継を完了している事業者は「1.承継予定年月までに完了済み」を選択してください。 | M20: 3.承継予定年月に未完了予定且つ承継期間内に完了予定
M21: 4.承継期間内に未完了予定
B22: Ⅱ.年度事業化及び収益状況の概要 | C22: =IF(C20=M18,"※未承継期間における数値の入力は不要です。","") | J22: =IF(COUNTBLANK(C30:D39)+COUNTBLANK(C42:D42)+COUNTBLANK(C53:C54)+COUNTBLANK(C56:C57)+COUNTBLANK(C59:C60)>0,"未入力あり","入力完了") -> 未入力あり
B23: 区分経理_損益計算書（全体／補助事業）
B24: ・決算報告書の損益計算書および貸借対照表を参照し、黄色セルに数字を入力してください。
B25: ・全体の金額を「損益計算書の金額」欄に、補助事業に限定した金額を「補助事業分」欄に、それぞれ入力してください。
B26: ・全体＝補助事業の場合や補助対象事業の切り分けが困難な場合は、「補助事業分」欄にも全体と同じ金額を入力してください。
B27: （単位：円） ※青字数字は、所得税青色申告決算書上の項目番号を示しています | C27: 申告決算書金額 （全体） | D27: 事業別の損益
D28: 補助事業分 | E28: 補助事業以外の事業／部門分（任意入力）
E29: 事業名 | G29: 事業名
B30: 売上高 ①
B31: 差引原価（売上原価） ⑥
B32: 差引金額（売上総利益） ⑦ | C32: =C30-C31 -> 0 | D32: =D30-D31 -> 0 | E32: =E30-E31 -> 0 | G32: =G30-G31 -> 0
B33: 経費 計（経費合計額） ㉜
B34: 差引金額 ㉝ | C34: =C32-C33 -> 0 | D34: =D32-D33 -> 0 | E34: =E32-E33 -> 0 | G34: =G32-G33 -> 0
B35: 繰戻額等 計 ㊲
B36: 繰入額等 計 ㊷
B37: 青色申告特別控除前の所得金額 ㊸ | C37: =C34+C35-C36 -> 0 | D37: =D34+D35-D36 -> 0 | E37: =E34+E35-E36 -> 0 | G37: =G34+G35-G36 -> 0
B38: 青色申告特別控除 ㊹
B39: 所得金額 ㊺ | C39: =C37-C38 -> 0 | D39: =D37-D38 -> 0 | E39: =E37-E38 -> 0 | G39: =G37-G38 -> 0
C41: 全体 | D41: 補助事業分 | E41: 補助事業以外の従事者
B42: 従業員数(名) | E42: =C42-D42 -> 0
B44: （追加情報）
B45: ・下表の黄色セルに、損益計算書、確定通知書等を参考に追加情報を入力してください。
B46: （単位：円）
B47: ①売上高 | C47: =D30 -> 0 | D47: ①～⑥：上表（補助事業分）から自動転記
B48: ②売上原価 | C48: =D31 -> 0
B49: ③経費 | C49: =D33 -> 0
B50: ④繰入額・専従者給与 | C50: =D36 -> 0
B51: ⑤青色申告特別控除 | C51: =D38 -> 0
B52: ⑥その他税務申告時に認められている控除 | C52: =D35 -> 0
B53: ⑦事業主給与相当額 | D53: ご自身の当該事業（補助事業分）の給与に相当する年収額を記入してください。
B54: ⑧租税公課 | D54: 対象の事業年度の所得税等、「③経費」に含まれていない税金の金額を記入してください。また金額が確認できる書類を提出してください。
B56: ⑨補助金交付額 | D56: 実績報告後に交付された「補助金額の確定通知書」に記載された『補助金確定額』を記入してください。
B57: ⑩補助対象経費 | D57: 実績報告時のパッケージ内「対象経費総括表」シートに記載された『補助対象経費』の金額を記入してください。
B59: ⑪前年度までの収益に伴う納付金 | D59: 前年度までに収益の発生により国庫納付した額がある場合、記入してください。（第１回目報告は０となります）
B60: ⑫取得財産処分に伴う納付金 | D60: これまで補助金により取得した取得価格50万円以上の財産を処分したことによる国庫納付が発生している場合、合計額を記入してください。
B62: 2.事業化状況
B63: （単位：円） | C63: 全体 | D63: 補助事業分
B64: 売上高 | C64: =C30 -> 0 | D64: =D30 -> 0
B65: 売上総利益 | C65: =C32 -> 0 | D65: =D32 -> 0
B66: 経常利益 | C66: =C37 -> 0
B67: 従業員数（名） | C67: =C42 -> 0 | D67: =D42 -> 0
B69: 3.収益状況
B70: （単位：円） | C70: （自動反映）
B71: A：補助金交付額 | C71: =C56 -> 0 | D71: ⑨補助金交付額
B72: B：補助対象事業に係る収益額 | C72: =C47-C48-C49-C50-C51-C52-C53-C54+'【個人】4回目＞計算用シート'!C72 -> 0 | D72: ①売上金額-（Ｄ：補助事業に係る支出額） の各年度の累計
B73: C：控除額 | C73: =C57 -> 0 | D73: ⑩補助対象経費
B74: D：補助対象事業に係る支出額 | C74: =C48+C49+C50+C51-C52+C53+C54+'【個人】4回目＞計算用シート'!C74 -> 0 | D74: ②売上原価＋③経費＋④繰入額・専従者給与＋⑤青色申告特別控除-⑥その他控除＋⑦事業主給与相当額＋⑧租税公課 の各年度の累計
B75: E：基準納付額 | C75: =IFERROR(INT(MAX((C72-C73)*C71/C74,0)),0) -> 0 | D75: （Ｂ-Ｃ）×Ａ÷Ｄ
B76: F：累積納付額 | C76: =C59+C60 -> 0 | D76: ⑪前年度までの収益に伴う納付金＋⑫取得財産処分に伴う納付金
B77: G：本年度納付額 | C77: =INT(IF(C76>C71,0,IF(C75>C71,C71-C76,C75-C76))) -> 0 | D77: Ｅ＜Ａの場合はG＝Ｅ-Ｆ、Ｅ＞Ａの場合はG＝Ａ-Ｆ、Ｆ＞Ａの場合はG＝0として算出
B79: Ⅲ.生産性向上に関する報告 | C79: =IF(C20=M18,"※未承継期間における数値の入力は不要です。","") | J79: =IF(COUNTBLANK(C82:D85)+COUNTBLANK(C89:D93)+COUNTBLANK(C97:D103)+COUNTBLANK(D107:D122)+COUNTBLANK(D129:D133)>0,"未入力あり","入力完了") -> 未入力あり
B80: 4.給与支給総額 (※) | C80: ・全体＝補助事業の場合は、「補助事業分」欄にも、全体と同じ金額を入力してください。
B81: （単位：円） | C81: 全体 | D81: 補助事業分
B82: 給料賃金 ⑳
B83: 専従者給与 ㊳
B84: 青色申告特別控除前の所得金額 ㊸
B85: 合計 | C85: =SUM(C82:C84) -> 0 | D85: =SUM(D82:D84) -> 0
B87: 5.人件費の入力 (※) | C87: ・全体＝補助事業の場合は、「補助事業分」欄にも、全体と同じ金額を入力してください。
B88: （単位：円） | C88: 全体 | D88: 補助事業分
B89: 福利厚生費 ⑲
B90: 給料賃金 ⑳ | C90: =C82 -> 0 | D90: =D82 -> 0
B91: 専従者給与 ㊳ | C91: =C83 -> 0 | D91: =D83 -> 0
B92: 法定福利費
B93: 合計 | C93: =SUM(C89:C92) -> 0 | D93: =SUM(D89:D92) -> 0
B95: 6.減価償却費の入力 (※)
B96: （単位：円） | C96: 全体 | D96: 補助事業分
B97: 減価償却費 ⑱
B98: リース料
B99: 繰延資産償却
B100: その他
B101: 普通償却（小計） | C101: =SUM(C97:C100) -> 0 | D101: =SUM(D97:D100) -> 0
B102: 特別償却
B103: 合計 | C103: =C97+C98+C99+C100+C102 -> 0 | D103: =D97+D98+D99+D100+D102 -> 0
B105: 7.生産性向上の状況
B106: （単位：円） | C106: 前回報告時 | D106: 今回報告時
B107: ①売上高 ① | C107: ='【個人】4回目＞計算用シート'!D107 -> 0 | D107: =D30 -> 0
B108: ②差引原価（売上原価） ⑥ | C108: ='【個人】4回目＞計算用シート'!D108 -> 0 | D108: =D31 -> 0
B109: ③差引金額（売上総利益） ⑦ | C109: ='【個人】4回目＞計算用シート'!D109 -> 0 | D109: =D32 -> 0
B110: ④販売費及び一般管理費 ※後段で算出 | C110: ='【個人】4回目＞計算用シート'!D110 -> 0 | D110: =D133 -> 0
...

Sheet 【個人】6回目＞計算用シート
A1: 【事業承継促進枠｜個人事業主用】(12次公募) 事業化状況報告用 計算シート v1.0 | H1: =+IF(COUNTIF(J2:J6,"未入力あり")>0,"※未入力の項目があります","") -> ※未入力の項目があります
B2: ＜記載に際しての注意事項＞ | H2: =B9 -> Ⅰ.事業者情報と報告概要 | J2: =J9 -> 未入力あり
B3: ・本計算シートは必ずJグランツの専用フォーム「様式第12.事業化状況報告」より提出してください。 | H3: =B22 -> Ⅱ.年度事業化及び収益状況の概要 | J3: =J22 -> 未入力あり
B4: ・本計算シートに関連する各種証憑はHP掲載の『事業化状況報告マニュアル』の内容に従って提出してください。 | H4: =B79 -> Ⅲ.生産性向上に関する報告 | J4: =J79 -> 未入力あり
B5: ・本シートにおける「前事業年度」とは、報告対象となる年度の前年度を指します。 | H5: =B138 -> Ⅳ.賃金引上げに関する報告 | J5: =J138 -> 未入力あり
B6: ・薄黄色セルの数値の入力部分については、該当がない部分も必ず「0」を入力してください。
B7: ・入力ヒントをセル内のメモにて記載している項目がございますので、適宜ご確認の上、入力してください。
B8: ・「(※)」が記載されている箇所については、赤枠の黄色ワッペンにて補足がございますので、ご確認上ご記入ください。 | J8: =IF(C20="","",IF(C20=M18,"※今回報告の入力者：承継者様","※今回報告の入力者：被承継者様"))
B9: Ⅰ.事業者情報と報告概要 | J9: =IF(COUNTBLANK(C12:C20)>0,"未入力あり","入力完了") -> 未入力あり
B10: 事業者情報
B11: ・交付決定通知書、補助金の交付額確定通知書等を参照し、正確に情報を入力してください。
B12: 補助事業者名 | C12: ='【個人】1回目＞計算用シート'!C12 -> 0 | E12: 交付決定通知書等に記載のある補助事業者名を入力してください。
B13: 交付申請番号 | C13: ='【個人】1回目＞計算用シート'!C13 -> 0 | D13: 交付決定通知書等に記載のある交付申請番号（大文字の英字と数字の組み合わせ）を入力してください。
B14: 補助金の交付日 | C14: ='【個人】1回目＞計算用シート'!C14 -> 0 | D14: 補助金の交付日(=補助事業完了日)を入力してください。（202X年X月X日）
B15: 期首年月日 | D15: 今回の報告対象となる事業年度の期首年月日を記入してください。（202X年X月X日）
B16: 期末年月日 | D16: 今回の報告対象となる事業年度の期末年月日を記入してください。（202X年X月X日） | L16: 賃上げ | M16: 該当あり
B17: 公募申請日を含む事業年度の期末年月日 | C17: ='【個人】1回目＞計算用シート'!C17 -> 0 | D17: 公募申請日を含む事業年度の期末年月日を記入してください。（202X年X月X日） | M17: 該当なし
B18: 補助上限額引き上げに伴う賃上げ申請 | C18: ='【個人】1回目＞計算用シート'!C18 -> 0 | D18: 賃上げ要件の充足による補助上限額引き上げを申請している事業者は「該当あり」を選択してください。 | L18: 承継完了 | M18: 1.承継予定年月までに完了済み
B19: 加点に伴う賃上げ申請 | C19: ='【個人】1回目＞計算用シート'!C19 -> 0 | D19: 賃上げ要件の充足による加点を申請している事業者は「該当あり」を選択してください。 | M19: 2.承継予定年月までに完了予定
B20: 承継の完了状況 | D20: 今回報告時点で承継を完了している事業者は「1.承継予定年月までに完了済み」を選択してください。 | M20: 3.承継予定年月に未完了予定且つ承継期間内に完了予定
M21: 4.承継期間内に未完了予定
B22: Ⅱ.年度事業化及び収益状況の概要 | C22: =IF(C20=M18,"※未承継期間における数値の入力は不要です。","") | J22: =IF(COUNTBLANK(C30:D39)+COUNTBLANK(C42:D42)+COUNTBLANK(C53:C54)+COUNTBLANK(C56:C57)+COUNTBLANK(C59:C60)>0,"未入力あり","入力完了") -> 未入力あり
B23: 区分経理_損益計算書（全体／補助事業）
B24: ・決算報告書の損益計算書および貸借対照表を参照し、黄色セルに数字を入力してください。
B25: ・全体の金額を「損益計算書の金額」欄に、補助事業に限定した金額を「補助事業分」欄に、それぞれ入力してください。
B26: ・全体＝補助事業の場合や補助対象事業の切り分けが困難な場合は、「補助事業分」欄にも全体と同じ金額を入力してください。
B27: （単位：円） ※青字数字は、所得税青色申告決算書上の項目番号を示しています | C27: 申告決算書金額 （全体） | D27: 事業別の損益
D28: 補助事業分 | E28: 補助事業以外の事業／部門分（任意入力）
E29: 事業名 | G29: 事業名
B30: 売上高 ①
B31: 差引原価（売上原価） ⑥
B32: 差引金額（売上総利益） ⑦ | C32: =C30-C31 -> 0 | D32: =D30-D31 -> 0 | E32: =E30-E31 -> 0 | G32: =G30-G31 -> 0
B33: 経費 計（経費合計額） ㉜
B34: 差引金額 ㉝ | C34: =C32-C33 -> 0 | D34: =D32-D33 -> 0 | E34: =E32-E33 -> 0 | G34: =G32-G33 -> 0
B35: 繰戻額等 計 ㊲
B36: 繰入額等 計 ㊷
B37: 青色申告特別控除前の所得金額 ㊸ | C37: =C34+C35-C36 -> 0 | D37: =D34+D35-D36 -> 0 | E37: =E34+E35-E36 -> 0 | G37: =G34+G35-G36 -> 0
B38: 青色申告特別控除 ㊹
B39: 所得金額 ㊺ | C39: =C37-C38 -> 0 | D39: =D37-D38 -> 0 | E39: =E37-E38 -> 0 | G39: =G37-G38 -> 0
C41: 全体 | D41: 補助事業分 | E41: 補助事業以外の従事者
B42: 従業員数(名) | E42: =C42-D42 -> 0
B44: （追加情報）
B45: ・下表の黄色セルに、損益計算書、確定通知書等を参考に追加情報を入力してください。
B46: （単位：円）
B47: ①売上高 | C47: =D30 -> 0 | D47: ①～⑥：上表（補助事業分）から自動転記
B48: ②売上原価 | C48: =D31 -> 0
B49: ③経費 | C49: =D33 -> 0
B50: ④繰入額・専従者給与 | C50: =D36 -> 0
B51: ⑤青色申告特別控除 | C51: =D38 -> 0
B52: ⑥その他税務申告時に認められている控除 | C52: =D35 -> 0
B53: ⑦事業主給与相当額 | D53: ご自身の当該事業（補助事業分）の給与に相当する年収額を記入してください。
B54: ⑧租税公課 | D54: 対象の事業年度の所得税等、「③経費」に含まれていない税金の金額を記入してください。また金額が確認できる書類を提出してください。
B56: ⑨補助金交付額 | D56: 実績報告後に交付された「補助金額の確定通知書」に記載された『補助金確定額』を記入してください。
B57: ⑩補助対象経費 | D57: 実績報告時のパッケージ内「対象経費総括表」シートに記載された『補助対象経費』の金額を記入してください。
B59: ⑪前年度までの収益に伴う納付金 | D59: 前年度までに収益の発生により国庫納付した額がある場合、記入してください。（第１回目報告は０となります）
B60: ⑫取得財産処分に伴う納付金 | D60: これまで補助金により取得した取得価格50万円以上の財産を処分したことによる国庫納付が発生している場合、合計額を記入してください。
B62: 2.事業化状況
B63: （単位：円） | C63: 全体 | D63: 補助事業分
B64: 売上高 | C64: =C30 -> 0 | D64: =D30 -> 0
B65: 売上総利益 | C65: =C32 -> 0 | D65: =D32 -> 0
B66: 経常利益 | C66: =C37 -> 0
B67: 従業員数（名） | C67: =C42 -> 0 | D67: =D42 -> 0
B69: 3.収益状況
B70: （単位：円） | C70: （自動反映）
B71: A：補助金交付額 | C71: =C56 -> 0 | D71: ⑨補助金交付額
B72: B：補助対象事業に係る収益額 | C72: =C47-C48-C49-C50-C51-C52-C53-C54+'【個人】5回目＞計算用シート'!C72 -> 0 | D72: ①売上金額-（Ｄ：補助事業に係る支出額） の各年度の累計
B73: C：控除額 | C73: =C57 -> 0 | D73: ⑩補助対象経費
B74: D：補助対象事業に係る支出額 | C74: =C48+C49+C50+C51-C52+C53+C54+'【個人】5回目＞計算用シート'!C74 -> 0 | D74: ②売上原価＋③経費＋④繰入額・専従者給与＋⑤青色申告特別控除-⑥その他控除＋⑦事業主給与相当額＋⑧租税公課 の各年度の累計
B75: E：基準納付額 | C75: =IFERROR(INT(MAX((C72-C73)*C71/C74,0)),0) -> 0 | D75: （Ｂ-Ｃ）×Ａ÷Ｄ
B76: F：累積納付額 | C76: =C59+C60 -> 0 | D76: ⑪前年度までの収益に伴う納付金＋⑫取得財産処分に伴う納付金
B77: G：本年度納付額 | C77: =INT(IF(C76>C71,0,IF(C75>C71,C71-C76,C75-C76))) -> 0 | D77: Ｅ＜Ａの場合はG＝Ｅ-Ｆ、Ｅ＞Ａの場合はG＝Ａ-Ｆ、Ｆ＞Ａの場合はG＝0として算出
B79: Ⅲ.生産性向上に関する報告 | C79: =IF(C20=M18,"※未承継期間における数値の入力は不要です。","") | J79: =IF(COUNTBLANK(C82:D85)+COUNTBLANK(C89:D93)+COUNTBLANK(C97:D103)+COUNTBLANK(D107:D122)+COUNTBLANK(D129:D133)>0,"未入力あり","入力完了") -> 未入力あり
B80: 4.給与支給総額 (※) | C80: ・全体＝補助事業の場合は、「補助事業分」欄にも、全体と同じ金額を入力してください。
B81: （単位：円） | C81: 全体 | D81: 補助事業分
B82: 給料賃金 ⑳
B83: 専従者給与 ㊳
B84: 青色申告特別控除前の所得金額 ㊸
B85: 合計 | C85: =SUM(C82:C84) -> 0 | D85: =SUM(D82:D84) -> 0
B87: 5.人件費の入力 (※) | C87: ・全体＝補助事業の場合は、「補助事業分」欄にも、全体と同じ金額を入力してください。
B88: （単位：円） | C88: 全体 | D88: 補助事業分
B89: 福利厚生費 ⑲
B90: 給料賃金 ⑳ | C90: =C82 -> 0 | D90: =D82 -> 0
B91: 専従者給与 ㊳ | C91: =C83 -> 0 | D91: =D83 -> 0
B92: 法定福利費
B93: 合計 | C93: =SUM(C89:C92) -> 0 | D93: =SUM(D89:D92) -> 0
B95: 6.減価償却費の入力 (※)
B96: （単位：円） | C96: 全体 | D96: 補助事業分
B97: 減価償却費 ⑱
B98: リース料
B99: 繰延資産償却
B100: その他
B101: 普通償却（小計） | C101: =SUM(C97:C100) -> 0 | D101: =SUM(D97:D100) -> 0
B102: 特別償却
B103: 合計 | C103: =C97+C98+C99+C100+C102 -> 0 | D103: =D97+D98+D99+D100+D102 -> 0
B105: 7.生産性向上の状況
B106: （単位：円） | C106: 前回報告時 | D106: 今回報告時
B107: ①売上高 ① | C107: ='【個人】5回目＞計算用シート'!D107 -> 0 | D107: =D30 -> 0
B108: ②差引原価（売上原価） ⑥ | C108: ='【個人】5回目＞計算用シート'!D108 -> 0 | D108: =D31 -> 0
B109: ③差引金額（売上総利益） ⑦ | C109: ='【個人】5回目＞計算用シート'!D109 -> 0 | D109: =D32 -> 0
B110: ④販売費及び一般管理費 ※後段で算出 | C110: ='【個人】5回目＞計算用シート'!D110 -> 0 | D110: =D133 -> 0
...

Sheet データ用
B1: 補助金名 | C1: 補助事業完了期限日 | D1: 生産性向上要件 | E1: 生産性向上要件（補足） | F1: 賃上げ要件
B2: 令和2年度第3次補正予算 事業承継・引継ぎ補助金（第1次公募） | C2: 44561 | D2: n/a | E2: n/a | F2: n/a
B3: 令和2年度第3次補正予算 事業承継・引継ぎ補助金（第2次公募） | C3: 44561 | D3: n/a | E3: n/a | F3: n/a
B4: 令和3年度当初予算 事業承継・引継ぎ補助金 | C4: 44561 | D4: n/a | E4: n/a | F4: n/a
B5: 令和3年度補正予算 事業承継・引継ぎ補助金（第1次公募） | C5: 44957 | D5: 該当あり/なし | E5: 補助上限額引上げの要件（400→600万円） | F5: n/a
B6: 令和3年度補正予算 事業承継・引継ぎ補助金（第2次公募） | C6: 45046 | D6: 該当あり/なし | E6: 補助上限額引上げの要件（400→600万円） | F6: n/a
B7: 令和3年度補正予算 事業承継・引継ぎ補助金（第3次公募） | C7: 45138 | D7: 該当あり/なし | E7: 補助上限額引上げの要件（400→600万円） | F7: n/a
B8: 令和3年度補正予算 事業承継・引継ぎ補助金（第4次公募） | C8: 45216 | D8: 該当あり/なし | E8: 補助上限額引上げの要件（400→600万円） | F8: n/a
B9: 令和4年度当初予算 事業承継・引継ぎ補助金 | C9: 44911 | D9: 該当あり/なし | E9: 補助上限額引上げの要件（300→500万円） | F9: 加点要素
B10: 中小企業生産性革命推進事業 事業承継・引継ぎ補助金（第5次公募） | C10: 45313 | D10: 該当あり | E10: 申請上の必須要件 | F10: 補助上限額引上げの要件
B11: 中小企業生産性革命推進事業 事業承継・引継ぎ補助金（第6次公募） | C11: 45406 | D11: 該当あり | E11: 申請上の必須要件 | F11: 補助上限額引上げの要件
B12: 中小企業生産性革命推進事業 事業承継・引継ぎ補助金（第7次公募） | C12: 45473 | D12: 該当あり | E12: 申請上の必須要件 | F12: 補助上限額引上げの要件
B13: 中小企業生産性革命推進事業 事業承継・引継ぎ補助金（第8次公募） | C13: 45551 | D13: 該当あり | E13: 申請上の必須要件 | F13: 補助上限額引上げの要件/加点要素
... B17: 中小企業生産性革命推進事業 事業承継・M&A補助金（第12次公募） | C17: 46306 | D17: n/a | E17: n/a | F17: 加点要素
